AoeStats
← THL

Hill Fort

506980820Analyzed
2v2 RM · 17d ago on Sep 16, 2026· 38m 7s· 4 players
Game mode
Random Map
Map size
Medium (4 player)
Population
200
Speed
Normal
Resources
Standard
Victory
Conquest
Starting age
Dark Age
Ending age
Imperial Age
RankedLock teamsTeams togetherTeam positionsShared explorationLock speedFull tech treeHidden civsTurbo modeCheats
Victory
Defeat
🇻🇳 Khmer · Vietnam
1528
+13
🇨🇱 Britons · Chile
1409
+18
🇺🇸 Slavs · United States
1474
-16
🇺🇸 Tatars · United States
1452
-15
Rodrigo
5:06 Loom
11:04 Feudal Age
15:45 Castle Age
14:44 Double-Bit Axe
14:46 Horse Collar
16:55 Bow Saw
17:23 Wheelbarrow
17:00 Heavy Plow
20:38 Fletching
21:20 Town Watch
22:47 Bodkin Arrow
24:23 Crossbowman
25:51 Padded Archer Armor
28:53 Ballistics
32:03 Imperial Age
31:03 Hand Cart
31:35 Gold Mining
31:37 Stone Mining
32:33 Yeomen
32:20 Padded Archer Armor
32:04 Arbalester
33:00 Bracer
33:50 Conscription
34:28 Hoardings
35:03 Chemistry
34:14 Masonry
35:01 Hoardings
36:52 Leather Archer Armor
THL
10:16 Feudal Age
11:38 Loom
15:32 Castle Age
13:45 Double-Bit Axe
14:08 Horse Collar
15:31 Bloodlines
16:33 Bow Saw
21:56 Husbandry
24:09 Scale Barding Armor
25:22 Wheelbarrow
25:35 Chain Barding Armor
26:30 Forging
28:37 Iron Casting
33:41 Imperial Age
32:55 Hand Cart
34:59 Plate Barding Armor
33:53 Cavalier
37:00 Blast Furnace
37:14 Caravan
stochasteric
6:37 Loom
8:42 Feudal Age
9:19 Double-Bit Axe
9:15 Horse Collar
17:46 Castle Age
18:54 Bow Saw
18:45 Heavy Plow
18:54 Town Watch
19:48 Wheelbarrow
20:00 Town Watch
21:00 Stone Mining
20:56 Pikeman
21:37 Squires
23:52 Gold Mining
25:00 Sanctity
29:27 Bloodlines
29:17 Husbandry
29:24 Scale Barding Armor
29:37 Fortified Wall
30:08 Hand Cart
30:29 Chain Barding Armor
30:20 Forging
33:56 Imperial Age
33:10 Iron Casting
33:57 Detinets
34:06 Cavalier
35:25 Plate Barding Armor
35:45 Gold Shaft Mining
37:02 Blast Furnace
37:27 Conscription
37:28 Fletching
TheSharkcatzor
10:33 Feudal Age
12:44 Loom
15:35 Castle Age
14:05 Double-Bit Axe
14:51 Fletching
15:23 Horse Collar
18:25 Bodkin Arrow
21:50 Bow Saw
27:49 Husbandry
30:33 Bloodlines
30:28 Padded Archer Armor
31:38 Wheelbarrow
30:49 Town Watch
31:33 Murder Holes
33:25 Hand Cart
35:07 Ballistics
40:34 Imperial Age
Connection lost

Rejoining the realm…

Still unreachable

The connection could not be restored.

Session expired

The server has moved on; the page needs a fresh start.